 Dungeon Crawl Stone Soup version 0.15.2 (webtiles) character file.

498 striepan the Slasher (level 6, -9/57 HPs)
             Began as a Minotaur Fighter on Dec 21, 2014.
             Mangled by Prince Ribbit (16 damage)
             ... on Level 4 of the Dungeon.
             The game lasted 00:14:28 (2947 turns).

striepan the Slasher (Minotaur Fighter)             Turns: 2947, Time: 00:14:28

HP  -9/57        AC  9     Str 21      XL: 6   Next: 94%
MP   3/3         EV  5     Int  5      God:
Gold 157         SH  9     Dex 11      Spells:  0 memorised,  5 levels left

rFire  . . .     SeeInvis .     a - +0 long sword (curse)
rCold  . . .     Clarity  .     n - +0 chain mail
rNeg   . . .     rCorr    .     c - +0 shield
rPois  .         rRot     .     (helmet restricted)
rElec  .         Spirit   .     (no cloak)
SustAb .         Warding  .     (no gloves)
rMut   .         Stasis   .     (no boots)
Gourm  .                        (no amulet)
MR     .....                    (no ring)
                                (no ring)

@: not resistant to hostile enchantments, extremely unstealthy
A: retaliatory headbutt, horns 2
a: no special abilities


You were on level 4 of the Dungeon.
You were not hungry.

You visited 1 branch of the dungeon, and saw 4 of its levels.
You also visited: Ossuary.

You collected 157 gold pieces.

Inventory:

Hand weapons
 a - a cursed +0 long sword (weapon)
Armour
 b - a +0 scale mail
 c - a +0 shield (worn)
 n - a +0 chain mail (worn)
Comestibles
 d - 3 bread rations
 m - a slice of pizza
 q - 2 meat rations
 s - a royal jelly
 w - 3 fruits
Scrolls
 g - a scroll of immolation {unknown}
 j - a scroll of enchant weapon {unknown}
 l - 3 scrolls of identify {unknown}
 o - a scroll of noise {unknown}
 r - a scroll of recharging {unknown}
 t - 2 scrolls of teleportation {unknown}
 u - a scroll of remove curse {unknown}
 x - 2 scrolls of amnesia {unknown}
Jewellery
 k - an uncursed ring of invisibility {unknown}
Potions
 e - a potion of might
 f - a potion of brilliance {unknown}
 h - a potion of degeneration {unknown}
 i - a potion of heal wounds {unknown}
 p - a potion of curing {unknown}
 v - 4 potions of agility {unknown}
 z - 2 potions of restore abilities {unknown}
 A - 2 potions of mutation {unknown}


   Skills:
 * Level 5.7 Fighting
 + Level 7.9 Long Blades
 - Level 3.6 Armour
 - Level 3.6 Shields


You had 5 spell levels left.
You didn't know any spells.

Dungeon Overview and Level Annotations

Branches:
Dungeon (4/15)
 Temple: D:4-7

Altars:

Shops:
D:4 (

Annotations:
D:4 Prince Ribbit


Innate Abilities, Weirdness & Mutations

You reflexively headbutt those who attack you in melee.
You have a pair of horns on your head.


Message History

The giant frog skeleton barely misses you.
A rat comes into view.
You block the giant frog skeleton's attack. x2
You block the giant frog skeleton's attack.
Prince Ribbit blinks!
You block the giant frog skeleton's attack.
The giant frog skeleton hits you.
* * * LOW HITPOINT WARNING * * *
You block the giant frog skeleton's attack.
The rat twitches its whiskers.
You block the giant frog skeleton's attack.
A kobold skeleton comes into view.
Prince Ribbit lets out a mournful croak.
Prince Ribbit blinks!
The giant frog skeleton hits you but does no damage.
The kobold skeleton hits you but does no damage.
Prince Ribbit blinks!
There is a stone staircase leading up here.
Prince Ribbit hits you!
You die...

....#'#..........>..
#..#.+∩+.....##.#....
.....#+#...).........
#.#...............##
##.................##
#....................
#.#..................
#.....Z..............
#..F@Z..r......######
......#............#
..## ####....####.#
#...## #.# ##### #.#
# #.. # ### # # .


You could see Prince Ribbit, a rat, a giant frog skeleton and a kobold skeleton.

Vanquished Creatures
  A phantom (D:4)
  3 centaur zombies (Ossuary)
  A human zombie (Ossuary)
  2 orc priests (D:3)
  An iguana (D:4)
  An orc wizard (D:4)
  2 worker ants
  A mummy (Ossuary)
  An adder (D:4)
  A worm (D:2)
  10 orcs
  A ball python (D:4)
  6 bats
  8 hobgoblins
  4 quokkas
  2 giant newts (D:1)
  A giant newt skeleton (D:4)
  11 goblins
  2 goblin zombies (Ossuary)
  9 hobgoblin zombies (Ossuary)
  A jackal zombie (Ossuary)
  12 kobolds
  11 kobold zombies (Ossuary)
  9 orc zombies (Ossuary)
  4 rats
  A rat zombie (Ossuary)
106 creatures vanquished.

Notes
Turn   | Place    | Note
--------------------------------------------------------------
     0 | D:1      | striepan, the Minotaur Fighter, began the quest for the Orb.
     0 | D:1      | Reached XP level 1. HP: 19/19 MP: 1/1
   114 | D:1      | Reached XP level 2. HP: 21/26 MP: 1/1
   419 | D:1      | Reached skill level 4 in Long Blades
   640 | D:2      | Reached XP level 3. HP: 16/31 MP: 2/2
  1252 | D:3      | Reached skill level 5 in Long Blades
  1252 | D:3      | Reached XP level 4. HP: 18/39 MP: 2/2
  1868 | D:3      | Reached skill level 6 in Long Blades
  1868 | D:3      | Reached XP level 5. HP: 20/46 MP: 2/2
  2242 | D:4      | Noticed a phantom
  2289 | D:4      | Found Mulapsa's Weapon Emporium.
  2303 | D:4      | Killed a phantom
  2303 | D:4      | Reached skill level 5 in Fighting
  2303 | D:4      | Reached skill level 7 in Long Blades
  2303 | D:4      | Reached XP level 6. HP: 43/56 MP: 3/3
  2313 | D:4      | Found a sand-covered staircase.
  2315 | D:4      | Noticed Prince Ribbit
  2330 | Ossuary  | Entered an ossuary
  2947 | D:4      | Mangled by Prince Ribbit

Action                   |  1- 3 |  4- 6 || total
-------------------------+-------+-------++-------
Melee: Long sword        |    83 |   197 ||   280
  Use: Potion            |       |     1 ||     1
  Eat: Chunk             |       |     6 ||     6
       Fruit             |       |     1 ||     1
